 Dungeon Crawl Stone Soup version 0.29.1-2-gbd0b4ee654 (webtiles) character file.

Game seed: 7101277198183554459

2222 GorkyZ the Shield-Bearer (level 9, -1/55 HPs)
             Began as a Gargoyle Fighter on Dec 1, 2022.
             Was an Initiate of Gozag.
             Killed by divine providence
             ... invoked by an orc priest
              (13 damage)
             ... on level 7 of the Dungeon.
             The game lasted 00:21:42 (6512 turns).

GorkyZ the Shield-Bearer (Gargoyle Fighter)         Turns: 6512, Time: 00:21:42

Health: -1/55      AC: 17    Str: 24    XL:     9   Next: 35%
Magic:  9/9        EV:  9    Int: 13    God:    Gozag
Gold:   418        SH: 14    Dex: 13    Spells: 8/8 levels left

rFire   . . .      SeeInvis .   G - +1 whip (vamp)
rCold   . . .      Faith    .   E - +0 tower shield
rNeg    + . .      Spirit   .   t - +0 troll leather armour {Pargi}
rPois   ∞          Reflect  .   (no helmet)
rElec   +          Harm     .   O - +0 cloak
rCorr   .          Rampage  .   N - +2 pair of gloves "Rantezik" {Int+4 Dex+4}
Will    .....                   m - +0 pair of boots
Stlth   +.........              (no amulet)
HPRegen 0.98/turn               (no ring)
MPRegen 0.11/turn               (no ring)

@: no status effects
A: sickness immunity, AC +6, negative energy resistance 1, electricity
resistance, torment resistance 1, petrification resistance
a: Renounce Religion, Potion Petition, Call Merchant, Bribe Branch


You were on level 7 of the Dungeon.
You worshipped Gozag.
Gozag was aware of your devotion.
You visited 2 branches of the dungeon, and saw 8 of its levels.

You collected 525 gold pieces.
You paid 107 gold pieces to Gozag.

Inventory:

Hand Weapons
 a - a +0 war axe
 g - a +0 whip
 l - a +0 whip
 o - a +3 whip of draining
 u - a +0 flail
 x - a +6 dagger of venom
 G - a +1 vampiric whip (weapon)
Missiles
 h - 21 poisoned darts (quivered)
 y - 3 silver boomerangs
Armour
 b - a +0 scale mail
 c - a +0 buckler
 e - a +1 pair of gloves
 m - a +0 pair of boots (worn)
 t - a +0 troll leather armour (worn) {Pargi}
 D - a +2 buckler
 E - a +0 tower shield (worn)
 N - the +2 pair of gloves "Rantezik" (worn) {Int+4 Dex+4}
   (You found it on level 6 of the Dungeon)

   Int:       It affects your intelligence (+4).
   Dex:       It affects your dexterity (+4).
 O - a +0 cloak (worn)
Jewellery
 k - a +6 ring of intelligence
 P - a ring of protection from fire
Wands
 q - a wand of polymorph (1)
 B - a wand of flame (16)
 K - a wand of digging (6)
 M - a wand of paralysis (13)
 Q - a wand of iceblast (4)
Scrolls
 f - a scroll of noise
 i - 3 scrolls of enchant weapon
 w - a scroll of fear
 z - a scroll of teleportation
 F - a scroll of poison {unknown}
 H - 2 scrolls of amnesia
 L - a scroll of enchant armour {unknown}
Potions
 d - 5 potions of might
 j - 3 potions of heal wounds
 n - 3 potions of mutation
 p - 2 potions of curing
 r - 2 potions of haste
 s - a potion of flight
 v - 3 potions of degeneration
 A - a potion of cancellation
 C - 2 potions of invisibility {unknown}
 J - 2 potions of brilliance {unknown}


   Skills:
 + Level 5.8 Fighting
 - Level 3.1(4.4) Axes
 * Level 5.3(5.9) Maces & Flails
 + Level 3.8 Throwing
 + Level 5.9 Armour
 + Level 3.4 Dodging
 * Level 6.7 Shields
 + Level 0.0 Evocations


You had 8 spell levels left.
You didn't know any spells.
Your spell library contained the following spells:

 Spells                   Type           Power      Damage    Failure   Level
 Apportation              Tloc           0%         N/A       97%         1
 Necrotise                Necr           0%         1d4       97%         1
 Summon Small Mammal      Summ           0%         N/A       97%         1
 Call Canine Familiar     Summ           0%         N/A       100%        3
 Portal Projectile        Hex/Tloc       0%         N/A       100%        3
 Tukima's Dance           Hex            0%         N/A       100%        3
 Leda's Liquefaction      Hex/Erth       0%         N/A       100%        4
 Olgreb's Toxic Radiance  Pois           0%         N/A       100%        4
 Blade Hands              Tmut           0%         N/A       100%        5
 Ozocubu's Refrigeration  Ice            0%         4d7       100%        7
 Ignition                 Fire           0%         3d3       100%        8


Dungeon Overview and Level Annotations

Branches:
Dungeon (7/15)             Temple (1/1) D:4

Altars:
Ashenzari
Cheibriados
Dithmenos
Elyvilon
Fedhas
Gozag
Hepliaklqana
Kikubaaqudgha
Makhleb
Nemelex Xobeh
Okawaru
Qazlal
Ru
Sif Muna
Trog
Uskayaw
Vehumet
Wu Jian
Xom
Yredelemnul
Zin
The Shining One

Shops:
D:1 [!?!=   D:5 !

Annotations:
D:2 1 runed translucent door, Crazy Yiuf


Innate Abilities, Weirdness & Mutations

You are immune to sickness and miasma.
Your stone body is resilient. (AC +6)
You are immune to poison.
You resist negative energy. (rN+)
You are resistant to electric shocks. (rElec)
You are resistant to unholy torment.
You are immune to petrification.


Message History

The orc priest is lightly wounded.
You block the orc priest's attack.
You closely miss the orc priest.
The orc priest is lightly wounded.
The orc priest misses you.
The orc priest mumbles some strange prayers to Beogh against you.
Beogh smites you!
You hit the orc priest but do no damage.
The orc priest is lightly wounded.
The orc priest barely misses you.
You barely miss the orc priest.
The orc priest is lightly wounded.
You block the orc priest's attack.
You closely miss the orc priest.
The orc priest is lightly wounded.
You block the orc priest's attack.
You hit the orc priest.
You feel better.
The orc priest is moderately wounded.
The orc priest hits you but does no damage.
You hit the orc priest but do no damage.
The orc priest is moderately wounded.
The orc priest casts a cantrip, but nothing happens.
You whack the orc priest!
The orc priest is severely wounded.
The orc priest looks satisfied for a moment.
The orc priest mumbles some strange prayers to Beogh against you.
Beogh smites you!
You completely miss the orc priest.
The orc priest is severely wounded.
You block the orc priest's attack.
The orc priest invokes the aid of Beogh against you.
Beogh smites you!
* * * LOW HITPOINT WARNING * * *
The orc priest barely misses you.
You closely miss the orc priest.
The orc priest is severely wounded.
The orc priest invokes the aid of Beogh against you.
Beogh smites you!
You die...
Your body crumbles into a pile of gold.

#..## ##....# #.##
#######.....# $ #.#
#....[..##### #.#
##..##### ..# ##....###
### ####...###.#
#######.......#
...######.......####...
...Fooo@..####### ##
###########


You could see a bullfrog, 2 orc priests and an orc.

Vanquished Creatures
  Eustachio (D:4)
  3 water moccasins (D:6)
  Pargi (D:3)
  3 ice beasts
  4 ogres
  A phantom (D:5)
  A bullfrog (D:6)
  4 necrophages
  A gnoll sergeant (D:4)
  A scorpion (D:6)
  2 howler monkeys
  A jelly (D:5)
  An orc priest (D:6)
  A hound (D:6)
  2 iguanas
  An orc wizard (D:6)
  7 gnolls
  8 adders
  2 shadow imps
  An ufetubus (D:4)
  2 worms
  A dart slug (D:1)
  13 orcs
  10 ball pythons
  8 endoplasms
  2 giant cockroaches
  15 goblins
  18 hobgoblins
  4 jackals (D:1)
  5 quokkas
  5 bats
  5 frilled lizards
  16 kobolds
  6 rats
156 creatures vanquished.

Vanquished Creatures (others)
  A fungus (D:1)
  3 plants (D:4)
4 creatures vanquished.

Grand Total: 160 creatures vanquished

Notes
Turn   | Place    | Note
-------+----------+-------------------------------------------
     0 | D:1      | GorkyZ the Gargoyle Fighter began the quest for the Orb.
     0 | D:1      | Reached XP level 1. HP: 14/14 MP: 1/1
    32 | D:1      | Reached XP level 2. HP: 18/19 MP: 2/2
   187 | D:1      | Found Cyguil's Magic Scroll Shoppe.
   205 | D:1      | Found a faded altar of an unknown god.
   401 | D:1      | Reached XP level 3. HP: 23/23 MP: 3/3
   473 | D:1      | Found Ofair's Jewellery Emporium.
   962 | D:1      | Found Dudyfom's Distillery.
   991 | D:1      | Found Fofiah's Distillery.
  1000 | D:1      | Found Gicaulod's Antique Armour Shop.
  1359 | D:2      | Reached skill level 1 in Throwing
  1519 | D:2      | Reached skill level 1 in Dodging
  1598 | D:2      | Reached XP level 4. HP: 23/29 MP: 4/4
  2186 | D:2      | Found a runed translucent door.
  2187 | D:2      | Noticed Crazy Yiuf
  2393 | D:3      | Reached XP level 5. HP: 29/33 MP: 5/5
  2602 | D:3      | Identified the +3 leather armour of Weirdness {rC+ rN+
                  | Str-4}
  2663 | D:3      | Noticed Pargi
  2700 | D:3      | Killed Pargi
  2701 | D:3      | Reached skill level 1 in Maces & Flails
  2701 | D:3      | Reached skill level 4 in Shields
  3159 | D:4      | Noticed Eustachio
  3162 | D:4      | Reached XP level 6. HP: 37/38 MP: 6/6
  3233 | D:4      | Killed Eustachio
  3265 | D:4      | Reached XP level 7. HP: 44/44 MP: 7/7
  3347 | D:4      | Found a staircase to the Ecumenical Temple.
  3367 | Temple   | Entered the Ecumenical Temple
  4188 | D:5      | Entered Level 5 of the Dungeon
  4781 | D:5      | Reached XP level 8. HP: 22/48 MP: 8/8
  4915 | D:5      | Reached skill level 5 in Fighting
  4915 | D:5      | Reached skill level 5 in Armour
  4915 | D:5      | Reached skill level 5 in Shields
  5099 | D:5      | Found Wasmoin's Distillery.
  5316 | D:6      | Identified the +2 pair of gloves "Rantezik" {Int+4 Dex+4}
  5401 | D:6      | Found an opulent altar of Gozag.
  5401 | D:6      | Found a white marble altar of Elyvilon.
  5406 | D:6      | Became a worshipper of Gozag Ym Sagoz the Greedy
  5545 | D:6      | Found a bloodstained altar of Trog.
  5656 | D:6      | Reached skill level 6 in Shields
  5670 | D:6      | Found a stormy altar of Qazlal.
  5723 | D:6      | Reached XP level 9. HP: 54/54 MP: 9/9
  5833 | D:6      | Reached skill level 5 in Maces & Flails
  5928 | D:6      | Found a hazy altar of Hepliaklqana.
  6039 | D:6      | Found a shimmering altar of Xom.
  6041 | D:6      | Found a basalt altar of Yredelemnul.
  6044 | D:6      | Found a broken altar of Ashenzari.
  6512 | D:7      | Killed from afar by an orc priest

Illustrated notes

Levels and vault maps discovered:
D:1:      minmay_arrival_wavy_path, layout_basic, serial_aquarium,
          aquarium_bridge_long_joined [aquarium_subvault_wall,
          aquarium_subvault_wall, aquarium_subvault_balcony,
          aquarium_subvault_bridge, aquarium_subvault_bridge,
          aquarium_subvault_wall], aquarium_bridge_square
          [aquarium_subvault_window, aquarium_subvault_wall,
          aquarium_subvault_bridge, aquarium_subvault_bridge],
          aquarium_window_fake, aquarium_window_2, aquarium_view_2e,
          serial_shops, shop, nicolae_square_shop, nicolae_shop_stone,
          nicolae_shop_waterfront, shop, dreamdust_ecumenical_altar_grove,
          st_stairs_2
D:2:      layout_basic, uniq_crazy_yiuf_cottage
D:3:      layout_loops_ring, uniq_pargi
D:4:      corexii_shantytown, layout_gridville, temple_statues, uniq_eustachio
D:5:      layout_rooms, serial_shops, nicolae_shop_waterfront
D:6:      layout_basic, mainiacjoe_overflow_brackets, jmf_multi_god_temple,
          nzn_hepliaklqana_mist_gate, lemuel_tele_altar, minitemple
D:7:      wander_river, layout_rooms, serial_shops, shop_statue
Temple:   nicolae_temple_two_arcs

Skill      XL: |  1  2  3  4  5  6  7  8  9 |
---------------+----------------------------+-----
Axes           | 2 3 |  3.1
Throwing       | 1 2 3 |  3.8
Dodging        | 1 2 3 |  3.4
Fighting       | 4 5 |  5.8
Maces & Flails | 1 3 4 5 |  5.3
Armour         | 4 5 |  5.9
Shields        | 4 6 |  6.7

Action                   |  1- 3 |  4- 6 |  7- 9 || total
-------------------------+-------+-------+-------++-------
Melee: War axe           |   135 |     5 |       ||   140
       Whip              |       |   155 |   531 ||   686
  Use: Scroll            |       |    10 |     4 ||    14
       Potion            |       |       |     1 ||     1
Armor: Scale mail        |    95 |    47 |       ||   142
       Skin              |       |     8 |       ||     8
       Troll leather arm |       |    26 |   246 ||   272
Dodge: Dodged            |    99 |    81 |   164 ||   344
Block: Buckler           |    25 |    33 |     4 ||    62
       Tower shield      |       |       |   376 ||   376
